 Dungeon Crawl Stone Soup version 0.19-a0-1021-g80cc50c (webtiles) character file.

28 ololoev the Chopper (level 3, 0/31 HPs)
             Began as a Hill Orc Fighter on July 27, 2016.
             Succumbed to a worker ant's poison
             ... on level 4 of the Dungeon.
             The game lasted 00:02:41 (272 turns).

ololoev the Chopper (Hill Orc Fighter)               Turns: 272, Time: 00:02:42

Health: 0/31       AC:  8    Str: 24    XL:     3   Next: 14%
Magic:  3/3        EV:  9    Int:  8    God:
Gold:   3          SH:  0    Dex: 10    Spells: 0 memorised, 2 levels left

rFire  . . .     SeeInvis .     a - +0 war axe
rCold  . . .     Gourm    .     b - +0 scale mail
rNeg   . . .     Faith    .     (no shield)
rPois  .         Spirit   .     g - +0 helmet
rElec  .         Dismiss  .     (no cloak)
rCorr  .         Reflect  .     (no gloves)
SustAt .         Harm     .     (no boots)
MR     .....                    (no amulet)
Stlth  ..........               (no ring)
                                (no ring)

@: mighty, lethally poisoned (0 -> -9), not resistant to hostile enchantments,
extremely unstealthy
A: no striking features
a: no special abilities

Inventory:

Hand Weapons
 a - a +0 war axe (weapon)
Armour
 b - a +0 scale mail (worn)
 g - a +0 helmet (worn)
Scrolls
 h - a scroll of remove curse {unknown}
 i - a scroll of identify {unknown}
Potions
 e - a potion of agility {unknown}
 j - a potion of flight {unknown}
 k - a potion of resistance {unknown}
Comestibles
 c - a meat ration
 f - 2 bread rations


   Skills:
 - Level 3.6 Fighting
 * Level 4.0 Axes
 + Level 3.8 Armour
   Level 3.2 Shields


You had 2 spell levels left.
You didn't know any spells.


You were on level 4 of the Dungeon.
You were not hungry.

You visited 1 branch of the dungeon, and saw 4 of its levels.

You collected 3 gold pieces.

##### #
#...#
#.#.#<#
#.#.######
#......[.#
#####'####.#
#?...@Y....#
#....a....##
#.........#
#.........#
#.........#
#....%....#
#.........#
#.........#

Notes
Turn   | Place    | Note
-------+----------+-------------------------------------------
     0 | D:1      | ololoev the Hill Orc Fighter began the quest for the Orb.
     0 | D:1      | Reached XP level 1. HP: 19/19 MP: 1/1
    44 | D:1      | Reached skill level 3 in Axes
    99 | D:1      | Reached XP level 2. HP: 18/26 MP: 2/2
   168 | D:2      | Reached skill level 4 in Axes
   168 | D:2      | Reached XP level 3. HP: 18/31 MP: 3/3
   260 | D:4      | Noticed a sky beast
   271 | D:4      | HP: 1/31 [worker ant (2)]
   272 | D:4      | Succumbed to a worker ant's poison

Dungeon Overview and Level Annotations

Branches:
Dungeon (4/15)
 Temple: D:4-7

Altars:


Message History

You slash the rat!
You kill the rat!
Things that are here:
a rat corpse; an adder corpse You now have 3 gold pieces.
Found 16 arrows.
There is a stone staircase leading up here.
You climb upwards.
There is a stone staircase leading down here.
You climb downwards.
There is a stone staircase leading up here.
(D) Dungeon
Where to? (Enter - D:2 @ (x,y), ? - help)
There is a stone staircase leading down here.
You climb downwards.
There is a stone staircase leading up here.
Found a hunting sling.
You see here a hunting sling.
You open the door.
Found a stone staircase leading down.
There is an open door here.
There is a stone staircase leading down here.
You climb downwards.
There is a stone staircase leading up here.
Found a leather armour.
You open the door.
Found a beef jerky.
A worker ant and a sky beast come into view.
The worker ant twitches its antennae in your direction.
Found a scroll labeled DEMOME TEXERI.
There is an open door here.
The sky beast closely misses you.
You feel very mighty all of a sudden. The sky beast closely misses you.
You slash the sky beast!
The sky beast is moderately wounded.
The sky beast flickers out of sight!
Deactivating autopickup; reactivate with Ctrl-A.
Something hits you but does no damage.
Unknown command.
You completely miss something. Something hits you. Something shocks you.
The worker ant bites you but does no damage.
Unknown command.
You closely miss something. You barely miss the worker ant.
A sky beast appears from thin air!
Reactivating autopickup.
The sky beast hits you. The sky beast shocks you. The worker ant bites you.
The sky beast closely misses you.
Unknown command.
You slash the sky beast!
The sky beast is almost dead.
You closely miss the worker ant.
The worker ant bites you but does no damage.
The worker ant closely misses you.
The sky beast flickers out of sight!
Deactivating autopickup; reactivate with Ctrl-A.
Something hits you but does no damage.
You closely miss something. You hit the worker ant. The worker ant bites you.
Something hits you but does no damage. The worker ant bites you.
Unknown command.
You closely miss something. You closely miss the worker ant.
Something hits you but does no damage. The worker ant barely misses you.
Unknown command.
You miss something. You slash the worker ant!
The worker ant bites you but does no damage.
Something hits you but does no damage. x2
The worker ant bites you but does no damage.
You miss something. You hit the worker ant.
The worker ant bites you but does no damage.
Something hits you but does no damage.
Unknown command.
You hit something. You closely miss the worker ant. The worker ant bites you.
You are lethally poisoned!
The worker ant poisons you!
A sky beast appears from thin air!
Reactivating autopickup.
The sky beast closely misses you. The worker ant bites you.
Unknown command.
You barely miss the sky beast.
The sky beast is almost dead.
You completely miss the worker ant.
You die...

You could see a sky beast and a worker ant.

Vanquished Creatures
  2 adders (D:2)
  2 giant cockroaches
  A hobgoblin (D:1)
  3 jackals (D:1)
  A bat (D:2)
  A goblin (D:1)
  A rat (D:2)
11 creatures vanquished.

Action                   || total
-------------------------++-------
Melee: War axe           ||    51
  Use: Potion            ||     1
Armor: Scale mail        ||    28
Dodge: Dodged            ||    38

Vault maps used:
D:1:      dpeg_arrival_stonehenge_8_columns, minmay_misc_feat_square
D:2:      grunt_dithmenos_smoke, first_bread, dk_vineyard_3
D:3:      st_stairs_11, kennysheep_cross_room, nicolae_ru_sacrificial_ziggurat
D:4:      kennysheep_spiral_hall, minmay_lizard_king, uniq_robin,
          uniq_blork_the_orc, uniq_edmund
